 Dungeon Crawl Stone Soup version 0.18.1-50-g88ac8fd (webtiles) character file.

29 magog001 the Stinger (level 3, -2/14 HPs)
             Began as a Felid Venom Mage on June 13, 2017.
             Slain by an adder (3 damage)
             ... on level 2 of the Dungeon.
             The game lasted 00:09:24 (1175 turns).

magog001 the Stinger (Felid Venom Mage)             Turns: 1175, Time: 00:09:25

Health: -2/14      AC:  1    Str:  4    XL:     3   Next: 1%
Magic:  0/7        EV: 18    Int: 17    God:
Gold:   37         SH:  0    Dex: 16    Spells: 1 memorised, 5 levels left
                                        Lives:  0   Deaths: 0

rFire  + . .     SeeInvis +     (weapon unavailable)
rCold  . . .     Gourm    .     (armour unavailable)
rNeg   . . .     Faith    .     (shield unavailable)
rPois  .         Spirit   .     (helmet unavailable)
rElec  .         Dismiss  .     (cloak unavailable)
rCorr  .         Reflect  .     (gloves unavailable)
SustAt .         Harm     .     (boots unavailable)
MR     .....                    (no amulet)
Stlth  +++.......               (no ring)
                                c - ring of protection from fire

@: lethally poisoned (-2 -> -8), quick, not resistant to hostile enchantments,
fairly stealthy
A: no armour, no weapons or thrown items, claws 1, fangs 3, see invisible,
carnivore 3, speed 1, shaggy fur 1, slow metabolism 1, sharp paws
a: no special abilities


You were on level 2 of the Dungeon.
You were completely stuffed.

You visited 1 branch of the dungeon, and saw 2 of its levels.

You collected 37 gold pieces.

Inventory:

Jewellery
 c - a ring of protection from fire (left paw)
Scrolls
 d - 2 scrolls of remove curse {unknown}
 e - a scroll of fog {unknown}
 i - a scroll of amnesia {unknown}
 j - a scroll of immolation {unknown}
Potions
 g - a potion of curing {unknown}
 h - a potion of degeneration {unknown}
Books
 a - a Young Poisoner's Handbook

   Spells                             Type                      Level
   a - Sting                          Conjuration/Poison           1
   b - Cure Poison                    Poison                       2
   c - Mephitic Cloud                 Conjuration/Poison/Air       3
   d - Olgreb's Toxic Radiance        Poison                       4
   e - Venom Bolt                     Conjuration/Poison           5
Comestibles
 b - 2 meat rations
 f - 8 chunks of flesh
 k - a beef jerky


   Skills:
 * Level 3.1 Dodging
 * Level 3.3 Stealth
 * Level 2.4 Spellcasting
 + Level 3.9 Poison Magic


You had 5 spell levels left.
You knew the following spells:

 Your Spells              Type           Power        Failure   Level  Hunger
a - Sting                 Conj/Pois      #...         10%         1    #......


Dungeon Overview and Level Annotations

Branches:
Dungeon (2/15)

Altars:


Innate Abilities, Weirdness & Mutations

You cannot wear armour.
You are incapable of wielding weapons or throwing items.
You have sharp claws.
You have razor-sharp teeth.
You have supernaturally acute eyesight.
You are carnivorous and can eat meat at any time.
You cover ground quickly.
You are covered in fur (AC +1).
You have a slow metabolism.
Your sharp claws are effective at attacking unaware monsters.


Message History

The adder bites you but does no damage.
You closely miss the adder.
The adder is heavily wounded.
The adder misses you.
You closely miss the adder.
The adder is heavily wounded.
The adder bites you.
* * * LOW HITPOINT WARNING * * *
You are lethally poisoned!
The adder poisons you! The adder bites you but does no damage.
Casting: Sting
Confirm with . or Enter, or press ? or * to list all spells.
Aiming: Sting
Press: ? - help, Shift-Dir - straight line, f/p - adder
Aim: an adder (heavily wounded)
The sting hits the adder.
The adder is severely wounded.
* * * LOW HITPOINT WARNING * * *
You feel sick. The adder bites you.
You die...

..... #.....#..#....##.
..... ...............
.....####.#......#.....
..........#......#..###
......................##
............[...........
#................#.#(...
#.....).....#....#.#....
#............<..@.......
..#.....<......S.#.#....
#..............#.# .#
#....#..........<.
#....#####...#.....
#....# #...#... ..
....... ........ .#.
.#.... #...##.... #..


You could see an adder.

Vanquished Creatures
  An adder (D:2)
  A giant gecko (D:1)
  2 giant cockroaches (D:1)
  3 goblins
  2 hobgoblins (D:1)
  2 bats (D:1)
  2 giant newts (D:1)
  A kobold (D:1)
  5 rats (D:1)
19 creatures vanquished.

Notes
Turn   | Place    | Note
--------------------------------------------------------------
     0 | D:1      | magog001 the Felid Venom Mage began the quest for the Orb.
     0 | D:1      | Reached XP level 1. HP: 7/7 MP: 4/4
   493 | D:1      | Reached XP level 2. HP: 11/11 MP: 0/6
  1147 | D:2      | Reached XP level 3. HP: 14/14 MP: 3/7
  1175 | D:2      | Slain by an adder

Skill      XL: |  1  2 |
---------------+-------+-----
Stealth        | 3 |  3.3
Dodging        | 3 |  3.1
Spellcasting   | |  2.4
Poison Magic   | |  3.9

Action                   || total
-------------------------++-------
Melee: Unarmed           ||    50
       Bite              ||     2
 Cast: Sting             ||    26
 Stab: Sleeping          ||     2
  Eat: Chunk             ||     8
Armor: Skin              ||     4
Dodge: Dodged            ||    42
